 Dungeon Crawl Stone Soup version 0.18-a0-1764-gf4ddf0b (webtiles) character file.

14 namelastname112 the Ruffian (level 2, -1/23 HPs)
             Began as a Draconian Transmuter on Apr 13, 2016.
             Succumbed to a kobold's poison
             ... on level 1 of the Dungeon.
             The game lasted 00:01:22 (644 turns).

namelastname112 the Ruffian (Draconian Transmuter)   Turns: 644, Time: 00:01:23

Health: -1/23      AC:  1    Str: 12    XL:     2   Next: 31%
Magic:  5/5        EV: 17    Int: 13    God:
Gold:   18         SH:  0    Dex: 16    Spells: 2 memorised, 2 levels left

rFire  . . .     SeeInvis .       - Unarmed
rCold  . . .     Gourm    .     (armour unavailable)
rNeg   . . .     Faith    .     (no shield)
rPois  .         Spirit   .     (helmet restricted)
rElec  .         Dismiss  .     (no cloak)
rCorr  .         Reflect  .     (no gloves)
SustAt .         Harm     .     (no boots)
MR     .....                    (no amulet)
Stlth  ++........               (no ring)
                                d - -3 ring of protection (curse)

@: agile, lethally poisoned (-1 -> -20), not resistant to hostile enchantments,
unstealthy
A: unfitting armour, cold-blooded, AC +4
a: no special abilities


You were on level 1 of the Dungeon.
You were not hungry.

You visited 1 branch of the dungeon, and saw 1 of its levels.

You collected 18 gold pieces.

Inventory:

Missiles
 a - 12 arrows
Jewellery
 d - a cursed -3 ring of protection (left hand)
Scrolls
 e - 4 scrolls of remove curse {unknown}
 g - a scroll of enchant armour {unknown}
Books
 b - a book of Changes

   Spells                             Type                      Level
   a - Beastly Appendage              Transmutation                1
   b - Sticks to Snakes               Transmutation                2
   c - Spider Form                    Transmutation/Poison         3
   d - Ice Form                       Ice/Transmutation            4
   e - Blade Hands                    Transmutation                5
Comestibles
 c - a bread ration


   Skills:
 + Level 1.4 Fighting
 + Level 1.9 Dodging
 * Level 3.3 Unarmed Combat
 + Level 2.0 Spellcasting
 * Level 2.2 Transmutations


You had 2 spell levels left.
You knew the following spells:

 Your Spells              Type           Power        Failure   Level  Hunger
a - Beastly Appendage     Trmt           #.....       12%         1    ##.....
b - Sticks to Snakes      Trmt           #.......     17%         2    ###....


Dungeon Overview and Level Annotations

Branches:
Dungeon (1/15)

Altars:


Innate Abilities, Weirdness & Mutations

Your plain brown scales are hard (AC +4).
Your body does not fit into most forms of armour.
You are cold-blooded and may be slowed by cold attacks.


Message History

It was a potion of agility.
You feel agile all of a sudden.
* * * LOW HITPOINT WARNING * * *
You feel sick. The bat barely misses you. The bat hits you but does no damage.
The kobold closely misses you.
You take 1 damage, and have 5/23 hp.
Drink which item? (? for menu, Esc to quit)
It was a potion of cure mutation.
It has a very clean taste.
* * * LOW HITPOINT WARNING * * *
You feel sick. The bat misses you. The bat hits you but does no damage.
The kobold completely misses you.
You take 2 damage, and have 3/23 hp.
You closely miss the kobold.
* * * LOW HITPOINT WARNING * * *
You feel sick. The bat hits you.
* * * LOW HITPOINT WARNING * * *
The bat closely misses you. The kobold misses you.
You take 2 damage, and have 1/23 hp.
You hit the kobold but do no damage.
You die...

##.##.# # ####(#.#
##...#.# .
......####.#....# ##.
#........#.#.###
..#####..#####.##.##
#.........###.####
#..........#...######
####...b>.......#.......
>.....K@.....##...######
####.........###.##
#..b....(.# #.#
#.......).# #.#
...........# #.#
#.#.....$...# #.#
#.#.###.##### #.# # #.
#.# #.# #. #..


You could see 2 bats and a kobold.

Vanquished Creatures
  An ooze (D:1)
  2 hobgoblins (D:1)
  3 jackals (D:1)
  2 goblins (D:1)
  2 rats (D:1)
10 creatures vanquished.

Notes
Turn   | Place    | Note
--------------------------------------------------------------
     0 | D:1      | namelastname112 the Draconian Transmuter began the quest for the Orb.
     0 | D:1      | Reached XP level 1. HP: 16/16 MP: 3/3
     0 | D:1      | crauler: you fall through a shaft for 2 floors
     0 | D:1      | namelastname112: бля, ща
     0 | D:1      | crauler: нахуй, энчантим и снимаем
     0 | D:1      | namelastname112: я сделаю кой-чего
   378 | D:1      | Reached XP level 2. HP: 23/23 MP: 5/5
   400 | D:1      | Learned a level 2 spell: Sticks to Snakes
   643 | D:1      | HP: 1/23 [bat (1)]
   644 | D:1      | Succumbed to a kobold's poison

Vault maps used:
D:1:      dpeg_arrival_stone_temple_mockup

Action                   || total
-------------------------++-------
Melee: Unarmed           ||    48
       Tailslap          ||     3
  Use: Potion            ||     2
 Stab: Sleeping          ||     1
Armor: Skin              ||     8
Dodge: Dodged            ||    33
